Unix NetHack Version 5.0.0-0 post-release - last build Jul 14 2026 02:55:29 (1809b74e8187c3a3585e283601c3028b46cbbdcb,branch:main).

Game began 2026-07-14 19:38:46, ended 2026-07-14 19:59:25.

Coineanach, neutral male human Barbarian

                                                             ------
                                                         ####..(...#
                                                         #   |....|##
                                                         #   |`...| ##
                                                         #   |....|  #
                                         --------------  #   |....|  #
                                       ##-............| ##   ------  #
                                       % |............| #            #
                                       # |..l..........##            #
                                      ## |.........{..|              #
                                     #"  --------------              #
                                     #                               # ---.---
                                    ##                               #.......|
                                    #                                  ......|
                                    #                                 |(.....|
                               .@. .#                                   ------

Coineanach the Pillager    St:18 Dx:17 Co:18 In:7 Wi:7 Ch:8  Neutral
Dlvl:8  $:180 HP:0(48) Pw:12(12) AC:5  Xp:5 T:2907  Blind

Latest messages:
 You feel here a coyote corpse.
 You stumble into a spider web!
 You disentangle yourself.
 You are beginning to feel hungry.
 There is a coyote corpse here; eat it? [ynq] (n)
 This coyote corpse is fatty.
 You finish eating the coyote corpse.
 You are in full health.
 You hear a door open.
 You feel an unseen monster!
 You smite it.
 It screams!
 You hear a chugging sound.
 It pretends to be friendly.
 Someone stole a cyan potion.
 You attack thin air.
 It bites!
 It bites!
 Wait!  There's something there you can't see!
 It bites!
 It bites!
 You smite it.
 It bites!
 You attack thin air.
 It bites!
 It bites!
 You miss it.
 It bites!
 It bites!
 You smite it.
 It misses!
 You kill it!
 You hear a door open.
 You try to feel what is lying here on the floor.
 You feel here a Hawaiian shirt.
 You try to feel what is lying here on the floor.
 You feel here a Hawaiian shirt.
 R - a Hawaiian shirt.
 It hits!
 It hits again!
 You smite it.
 You miss it.
 It hits!
 It hits again!
 You die...
 Do you want your possessions identified? [ynq] (y)
 Do you want to see your attributes? [ynq] (y)
 Do you want an account of creatures vanquished? [ynaq] (y)
 Do you want to see your conduct and achievements? [ynq] (y)
 Do you want to see the dungeon overview? [ynq] (y)

Inventory:
 Coins    ('$')
  $ - 180 gold pieces
 Weapons  (')')
  n - 6 +0 shuriken
  H - a +0 elven dagger
  h - 2 +0 orcish daggers (at the ready)
  a - a +0 battle-axe (weapon in hands)
  m - a +0 long sword
  b - a +0 short sword (alternate weapon; not wielded)
 Armor    ('[')
  G - an uncursed +0 orcish helm (being worn)
  J - an uncursed +0 pair of low boots (being worn)
  R - an uncursed +0 Hawaiian shirt with a bird of paradise motif
  C - an uncursed +0 Hawaiian shirt with a parrot motif (being worn)
  c - an uncursed +0 ring mail (being worn)
 Comestibles  ('%')
  d - an uncursed food ration
  P - an uncursed tripe ration
  I - an uncursed lichen corpse
 Scrolls  ('?')
  F - an uncursed scroll of create monster
  M - a blessed scroll of light
  w - an uncursed scroll of punishment
  z - a blessed scroll of teleportation
 Potions  ('!')
  K - a cursed potion of blindness
  Q - an uncursed potion of booze
  u - an uncursed potion of fruit juice
  D - a cursed potion of gain ability
  g - 3 uncursed potions of healing
  r - an uncursed potion of object detection
 Rings    ('=')
  B - an uncursed ring of invisibility
 Wands    ('/')
  q - a wand of magic missile (0:7)
  l - a wand of probing (0:4)
 Tools    ('(')
  s - an uncursed tin whistle
 Gems/Stones  ('*')
  j - an uncursed worthless piece of green glass
  k - an uncursed worthless piece of yellow glass

Coineanach the Barbarian's attributes:

Background:
 You were a Pillager, a level 5 male human Barbarian.
 You were neutral, nominally on a mission for Crom
 who was opposed by Mitra (lawful) and Set (chaotic).
 You were right-handed.
 You were in the Dungeons of Doom, on level 8.
 You entered the dungeon 2907 turns ago.
 There was a new moon in effect when your adventure ended.
 You had 257 experience points, 63 more were needed to attain level 6.

Basics:
 You had 0 out of 48 hit points.
 You had all 12 energy points (spell power).
 Your armor class was 5.
 Your wallet contained 180 zorkmids.
 Autopickup was off.

Final Characteristics:
 Your strength was 18 (limit:18/100).
 Your dexterity was 17 (limit:18).
 Your constitution was 18 (limit:18).
 Your intelligence was 7 (limit:18).
 Your wisdom was 7 (limit:18).
 Your charisma was 8 (limit:18).

Final Status:
 You were temporarily blind.
 You weren't hungry.
 You were unencumbered.
 You were wielding an axe.
 You had basic skill with axe.

Final Attributes:
 You were piously aligned.
 You were poison resistant.
 You were warded.
 Your spell casting was impaired by metallic armor.
 You are dead.

Miscellaneous:
 You didn't encounter any bones levels.
 Total elapsed playing time was 20 minutes and 38 seconds.

Major events:
 Turn
    1: Coineanach the neutral male human Barbarian entered the dungeon
  877: attained the rank of Pillager (level 3)
 1093: entered the Gnomish Mines
 2907: killed by a gold golem

Spells:
 Name                 Level Category     Fail Retention
 jumping                1   escape       100%  76%-100%
 confuse monster        1   enchantment  100%  76%-100%

Skills:
 Fighting Skills
   bare handed combat [Basic]
   two weapon combat  [Unskilled]
   riding             [Unskilled]
 Weapon Skills
   dagger             [Unskilled]
   axe                [Basic]
   pick-axe           [Unskilled]
   short sword        [Basic]
   broadsword         [Unskilled]
   long sword         [Unskilled]
   two-handed sword   [Unskilled]
   saber              [Unskilled]
   club               [Unskilled]
   mace               [Unskilled]
   morning star       [Unskilled]
   flail              [Unskilled]
   hammer             [Unskilled]
   quarterstaff       [Unskilled]
   spear              [Unskilled]
   trident            [Unskilled]
   bow                [Unskilled]
 Spellcasting Skills
   attack spells      [Unskilled]
   escape spells      [Unskilled]

Voluntary challenges:
 Character rerolling was not enabled.
 You were an atheist.
 You never genocided any monsters.
 You never polymorphed an object.
 You never changed form.
 You used no wishes.
Achievements:
 You entered a shop.
 You attained the rank of Pillager.
 You entered the Gnomish Mines.

 The Dungeons of Doom: levels 1 to 8
    Level 1:
    Level 2:
       A general store, a fountain, a grave.
    Level 3:
       A fountain.
       Stairs down to The Gnomish Mines.
    Level 4:
       A general store.
    Level 5:
       A grave.
    Level 6:
    Level 7:
    Level 8: "spellbooks" <- You were here.
       A fountain.
       Final resting place for
          you, killed by a gold golem.
 The Gnomish Mines:
    Level 4:


Vanquished creatures:
  a raven
  2 human zombies
  a bugbear
  a rock piercer
  a gray ooze
  a floating eye
  2 homunculi
  a kobold shaman
  2 hill orcs
  a monkey
  2 coyotes
  a hobbit
  4 cave spiders
  2 gnomes
  a garter snake
  3 geckos
  5 jackals
  2 foxes
  a kobold
  3 goblins
  3 grid bugs
  a bat
  6 lichens
  a kobold zombie
  4 newts
52 creatures vanquished.

No species were genocided or became extinct.

Game over:
                       ----------
                      /          \
                     /    REST    \
                    /      IN      \
                   /     PEACE      \
                  /                  \
                  |    Coineanach    |
                  |      180 Au      |
                  | killed by a gold |
                  |      golem       |
                  |                  |
                  |                  |
                  |       2026       |
                 *|     *  *  *      | *
        _________)/\\_//(\/(/\)/\//\/|_)_______

Goodbye Coineanach the Barbarian...

You died in The Dungeons of Doom on dungeon level 8 with 1540 points,
and 180 pieces of gold, after 2907 moves.
You were level 5 with a maximum of 48 hit points when you died.

